[Event "*** SCC Grand Prix: Titled Tuesday Blitz"]
[Site "Chess.com"]
[Date "2020.06.02"]
[Round "6"]
[White "politeplayer"]
[Black "ditkin25"]
[Result "1-0"]
[WhiteElo "2261"]
[BlackElo "2421"]
[TimeControl "180+1"]
[EndTime "11:10:08 PDT"]
[Termination "politeplayer won by resignation"]

1. e4 c6 2. d4 d5 3. exd5 cxd5 4. Nf3 Nc6 5. c4 e6 6. Nc3 Bb4 7. Bd3 dxc4 8. Bxc4 Nf6 9. Bg5 O-O 10. O-O Be7 11. a3 b6 12. Qd3 Bb7 13. Rad1 Rc8 14. Ba2 Nd5 15. Bb1 g6 16. Bh6 Re8 17. Ne4 f5 18.
Neg5 Bf6 19. Rfe1 Nf4 20. Qb3 Qd5 21. Qxd5 exd5 22. Rxe8+ Rxe8 23. Nxh7 Ne2+ 24. Kf1 Kxh7 25. Be3 Ba6 26. Bd3 Bxd3 27. Rxd3 f4 28. Kxe2 fxe3 29. fxe3 g5 30. Rc3 Re6 31. Kd3 Kg6 32. g4 Na5 33. Rc7 Re7 34. Ne5+ Kg7 35. Rxe7+ Bxe7 36. b4 Nb7 37.
Nc6 Bd6 38. Nxa7 Bxh2 39. Nc8 Bc7 40. Ne7 Nd6 41. Nxd5 Bd8 42. e4 Kf7 43. e5 Ke6 44.
Nxb6 Bxb6 45. exd6 Kxd6 46. Ke4 Bd8 47. a4 Ke6 48. a5 Kd6 49. Kf5 Kd5 50. b5 Kxd4 51.
b6 Kc5 52. b7 Bc7 53. Kxg5 Kb5 54. Kf6 Kxa5 55. g5 Kb6 56. b8=Q+ Bxb8 57. g6 Be5+ 1-0

[Event "*** SCC Grand Prix: Titled Tuesday Blitz"]
[Site "Chess.com"]
[Date "2020.06.02"]
[Round "6"]
[White "beto-betun"]
[Black "Artem_Koval"]
[Result "0-1"]
[WhiteElo "2161"]
[BlackElo "2398"]
[TimeControl "180+1"]
[EndTime "11:10:08 PDT"]
[Termination "Artem_Koval won by resignation"]

1. d4 d5 2. Nf3 Nf6 3. g3 Bf5 4. Bg2 e6 5. O-O Bd6 6. c4 c6 7. Nc3 O-O 8. Nh4 Bg6 9. Nxg6 hxg6 10. e4 dxe4 11. Nxe4 Nxe4 12. Bxe4 Nd7 13. Bg2 Nf6 14. Bd2 Bc7 15. Bc3 Qd7 16. Qd2 Rad8 17. Rad1 Rfe8 18.
Rfe1 Qe7 19. b3 Bb6 20. h4 a6 21. Qb2 Qc7 22. a4 Ba5 23. b4 Bb6 24. c5 Ba7 25. Rd2 Nd5 26. Rb1 Bb8 27. b5 axb5 28. axb5 Qe7 29. bxc6 bxc6 30. Rdd1 Bc7 31. Bd2 Rd7 32.
Re1 Qf6 33. Be3 Red8 34. Bg5 Qf5 35. Bxd8 Rxd8 36. Qe2 Nc3 37. Qe3 Nxb1 38. Be4 Qf6 39. Bxb1 Qxd4 40. Be4 Qxe3 41. Rxe3 f5 42. Bxc6 Kf7 43.
Bf3 Rd2 44. Rc3 Ke7 45. c6 e5 46. Kf1 e4 47. Be2 Kd8 48. Bc4 Bb6 49. Bf7 Rxf2+ 50.
Ke1 Kc7 51. Bxg6 Rg2 52. Bxf5 e3 53. g4 Ba5 54. Kf1 Bxc3 55. Kxg2 e2 0-1

[Event "*** SCC Grand Prix: Titled Tuesday Blitz"]
[Site "Chess.com"]
[Date "2020.06.02"]
[Round "6"]
[White "nonsopolo1"]
[Black "Nafania1"]
[Result "1/2-1/2"]
[WhiteElo "2242"]
[BlackElo "2423"]
[TimeControl "180+1"]
[EndTime "11:10:08 PDT"]
[Termination "Game drawn by repetition"]

1. e4 e6 2. d4 d5 3. Nd2 Be7 4.
Bd3 c5 5. dxc5 Nf6 6. Qe2 O-O 7. Ngf3 a5 8. O-O Na6 9. e5 Nd7 10. c3 Naxc5 11. Bc2 b5 12. Rd1 b4 13. Nf1 Ba6 14.
Qe3 bxc3 15. bxc3 Qc7 16. Ng3 Rac8 17. Bd2 Bc4 18. Qf4 Bd3 19. Ba4 Nxa4 20. Qxa4 Nc5 21. Qf4 Bc2 22. Rf1 f5 23. Nd4 Bd3 24. Rfe1 Qd7 25. h4 Ba6 26. Qf3 Nd3 27. Re3 Nb2 28. h5 Nc4 29. Re2 Nxd2 30. Rxd2 Rc7 31. h6 g6 32. Rc2 Rfc8 33. Rac1 Bg5 34. Rb1 Bxh6 35. Nge2 Rb7 36. Rcb2 Rxb2 37. Rxb2 Bc4 38. Qh3 Bg7 39. f4 Qe8 40. Qh4 Rb8 41. Rxb8 Qxb8 42. Qe7 Bxe2 43. Qxe6+ Kh8 44. Nxe2 Qb1+ 45. Kh2 Qb8 46. Nd4 Qd8 47. Nc6 Qh4+ 48. Kg1 Qe1+ 49. Kh2 Qh4+ 50. Kg1 Qe1+ 51. Kh2 Qh4+ 1/2-1/2

[Event "*** SCC Grand Prix: Titled Tuesday Blitz"]
[Site "Chess.com"]
[Date "2020.06.02"]
[Round "6"]
[White "AndrewDGreen"]
[Black "DariaVoit"]
[Result "1/2-1/2"]
[WhiteElo "2337"]
[BlackElo "2542"]
[TimeControl "180+1"]
[EndTime "11:10:10 PDT"]
[Termination "Game drawn by repetition"]

1. e4 e6 2. Nf3 d5 3. Nc3 d4 4.
Ne2 c5 5. c3 Nc6 6. cxd4 cxd4 7.
Qa4 d3 8. Ned4 Bd7 9. Bxd3 Nb4 10. Bb5 Nd3+ 11. Kf1 Bc5 12. Qc4 Bxd4 13. Qxd3 Bb6 14.
Ne5 Nf6 15. Nxd7 Nxd7 16. Ke2 a6 17. Ba4 Ke7 18. Bxd7 Qxd7 19. Qxd7+ Kxd7 20. d4 Rac8 21. Kd3 Rhd8 22. Be3 Ke7 23. Rhd1 Rd7 24. Rac1 Rcd8 25. Rc4 Ba7 26. Rdc1 Bxd4 27. Rxd4 Rxd4+ 28. Bxd4 e5 29. Rc4 b5 30. Rc7+ Kf6 31. Rc6+ Kg5 32. Rxa6 Rxd4+ 33. Ke3 Rc4 34. Rb6 b4 35. f3 f6 36. g3 h5 37. h4+ Kg6 38. Rb7 Kh6 39. Kd3 Rd4+ 40. Ke3 Rc4 41. Rb6 Kg6 42. Rb5 Kh6 43. f4 exf4+ 44. gxf4 Kg6 45. a4 bxa3 46. bxa3 Rc3+ 47. Kd4 Rxa3 48. f5+ Kh6 49. Rb7 Rh3 50. Rb8 Kh7 51.
e5 Rxh4+ 52. Kd5 fxe5 53. Kxe5 Rg4 54. Rb7 Kh6 55. Rb6+ Kh7 56. Rb7 Rg5 57. Kf4 Rg4+ 58. Ke5 1/2-1/2

[Event "*** SCC Grand Prix: Titled Tuesday Blitz"]
[Site "Chess.com"]
[Date "2020.06.02"]
[Round "6"]
[White "freshfoodcompany"]
[Black "Irishchessman16"]
[Result "0-1"]
[WhiteElo "2213"]
[BlackElo "2421"]
[TimeControl "180+1"]
[EndTime "11:10:10 PDT"]
[Termination "Irishchessman16 won by resignation"]

1. d4 d5 2. c4 c6 3. Nc3 Nf6 4. Nf3 e6 5. Bg5 h6 6. Bh4 g5 7. Bg3 dxc4 8. e4 b5 9. Be2 Bb7 10. h4 g4 11. Ne5 Nbd7 12. Nxg4 b4 13. Nxf6+ Nxf6 14. Na4 Nxe4 15. Be5 f6 16. Bh5+ Ke7 17.
Qf3 c5 18. Bxf6+ Nxf6 19. Qxb7+ Nd7 20. Nxc5 Qc8 21. Qe4 Nxc5 22. dxc5 Bg7 23. O-O Qxc5 24. Bg4 Qd5 25. Qg6 Bd4 26. Bf3 Rag8 27. Qxg8 Rxg8 28.
Bxd5 exd5 29. Rad1 Bxb2 30. Rxd5 c3 31. Rc5 Kd6 32. Rc4 a5 33. Rd1+ Ke5 34. Rc5+ Ke4 35. f3+ Ke3 36. Re5+ Kf4 37. Re4+ Kg3 38. Rdd4 h5 39. Rc4 a4 40. Re1 b3 41. axb3 axb3 42.
Re3 c2 43. f4+ Kg4 44. Rf3 c1=Q+ 45. Rxc1 Bxc1 46. Rxb3 Bxf4 47. Rb4 Rc8 48. Kf2 Rc2+ 49. Kf1 Kg3 50. Rb3+ Kxh4 51. Rb4 Kg5 52. Rb5+ Kg4 53.
Rb4 h4 54. Rb3 Rc4 55. Rd3 Bg3 56. Ke2 Re4+ 57. Kd2 Be1+ 58. Kd1 Bb4 59. Rf3 Re1+ 60. Kc2 Re2+ 61. Kb3 Rxg2 62. Rd3 Rg3 0-1

[Event "*** SCC Grand Prix: Titled Tuesday Blitz"]
[Site "Chess.com"]
[Date "2020.06.02"]
[Round "6"]
[White "korbul"]
[Black "Ali_rastbod"]
[Result "1-0"]
[WhiteElo "2490"]
[BlackElo "2638"]
[TimeControl "180+1"]
[EndTime "11:10:11 PDT"]
[Termination "korbul won by resignation"]

1. d4 Nf6 2. c4 e6 3. Nf3 b6 4. g3 Ba6 5. Nbd2 c5 6. e4 cxd4 7. e5 Ng8 8. Bg2 Nc6 9. O-O Qc7 10. Re1 Nge7 11. a3 Ng6 12. Qe2 Na5 13. Nxd4 Rc8 14. b3 Be7 15. Bb2 O-O 16. Rac1 d6 17. Nb5 Bxb5 18.
cxb5 Qb8 19. exd6 Bxd6 20. b4 Nb7 21. Rc6 Nd8 22. Rxc8 Qxc8 23. Nc4 Be7 24. h4 Re8 25. h5 Nf8 26. h6 Bf6 27. hxg7 Bxg7 28. Bxg7 Kxg7 29.
Nd6 Qd7 30. Nxe8+ Qxe8 31. Qe5+ Kg8 32. Qb8 Qe7 33. Rc1 e5 34. Rc8 Nfe6 35. Qxe5 Qd7 36. Qb8 Kg7 37. Qe5+ Kg8 38. Rc4 h5 39. Bd5 Kf8 40.
Kg2 Ke7 41. f4 Qd6 42. Qxd6+ Kxd6 43. Bxe6 Nxe6 44. Rc8 Nc7 45. Rh8 Nxb5 46. Rxh5 Nxa3 47. Rh8 Nc2 48. Ra8 Nxb4 49. Rxa7 f5 50. Rb7 Nd5 51.
Kh3 Kc6 52. Rf7 Ne3 53. Kh4 b5 54. Kg5 b4 55. Re7 Nf1 56. Kxf5 Nxg3+ 57. Ke5 Kc5 58.
Rc7+ Kb5 59. f5 Nh5 60. Rh7 1-0

[Event "*** SCC Grand Prix: Titled Tuesday Blitz"]
[Site "Chess.com"]
[Date "2020.06.02"]
[Round "6"]
[White "UCantHandleDenker"]
[Black "francyIM"]
[Result "0-1"]
[WhiteElo "2484"]
[BlackElo "2668"]
[TimeControl "180+1"]
[EndTime "11:10:12 PDT"]
[Termination "francyIM won by checkmate"]

1. Nf3 c5 2. g3 Nc6 3. Bg2 g6 4. O-O Bg7 5. d3 d6 6. Nbd2 e6 7. e4 Nge7 8. Re1 O-O 9. a4 b6 10. h4 Bb7 11. h5 Qd7 12. Nc4 Rad8 13. h6 Bh8 14. Bf4 e5 15. Bg5 f6 16. Bd2 d5 17.
exd5 Nxd5 18. c3 Nde7 19. Qb3 Rf7 20. Rad1 Kf8 21. Be3 Nf5 22. Bc1 Ba6 23. Nh2 Nd6 24. Ne3 Ne7 25. Nf3 Bb7 26. Nc4 Bd5 27. Nh4 Bxg2 28. Nxg2 Ndf5 29. Be3 Nd5 30. a5 Qc6 31.
axb6 axb6 32. Ra1 g5 33. Ra6 Nxh6 34. Nxb6 Rb7 35. Qc4 Nxe3 36. Nxe3 Rxb6 37. Rea1 Nf7 38. Ra7 Rb7 39. Nf5 Qf3 40. Ne3 Kg7 41. R1a6 Kg6 42.
Qe6 Rxa7 43. Rxa7 Rf8 44. Ra4 Bg7 45. Re4 h5 46. Nd5 Nh6 47. Ne7+ Kh7 48. Re3 Qg4 49.
Qd6 Rf7 50. Nd5 Qf5 51. Re1 Qd7 52. Qxd7 Rxd7 53. Ne3 Rxd3 54. Nc4 Ng4 55. Ra1 e4 56. Ra7 Ne5 57. Ne3 Nf3+ 58. Kg2 Kg6 59. Nc4 Rd1 60. Ne3 Rg1+ 61. Kh3 g4+ 62. Nxg4 hxg4+ 63. Kxg4 f5+ 64.
Kf4 Bh6# 0-1

[Event "*** SCC Grand Prix: Titled Tuesday Blitz"]
[Site "Chess.com"]
[Date "2020.06.02"]
[Round "6"]
[White "alexsergeyev"]
[Black "m_ezat"]
[Result "0-1"]
[WhiteElo "2316"]
[BlackElo "2546"]
[TimeControl "180+1"]
[EndTime "11:10:12 PDT"]
[Termination "m_ezat won on time"]

1. e4 c6 2. d4 d5 3. exd5 cxd5 4.
c4 Nf6 5. Nc3 g6 6. Bg5 Bg7 7.
Bxf6 Bxf6 8. cxd5 O-O 9. Be2 e6 10. Bf3 exd5 11. Nge2 Nc6 12. Nxd5 Bg7 13. O-O Be6 14.
Ndf4 Bc4 15. b3 Ba6 16. Bxc6 bxc6 17. Rc1 Qd6 18. Nd3 Rfe8 19. Re1 Rad8 20. Nc5 Bxe2 21. Rxe2 Bxd4 22. Rxe8+ Rxe8 23. b4 a5 24. a3 axb4 25.
axb4 Qf4 26. Nd3 Qe4 27. Qf3 Qxf3 28. gxf3 Re2 29. Rc4 Ba7 30. Rxc6 Rd2 31. Nc5 Rd4 32. Ra6 Bxc5 33. bxc5 Rc4 34. Rc6 Kg7 35. Kg2 Kf8 36.
Kg3 Ke7 37. Rc7+ Ke6 38. f4 h5 39. h4 f6 40. Kf3 Rc3+ 41. Ke4 Rc4+ 42. Ke3 Rc3+ 43. Kd4 Rf3 44. c6 Kd6 45. Rc8 Rxf4+ 46. Ke3 Rf5 47. f4 Rc5 48. Rg8 Ke6 49. Rxg6 Kf5 50.
Rh6 Rc3+ 51. Kd4 Rxc6 52. Rxh5+ Kxf4 53. Kd5 Rc8 54. Ke6 Rc6+ 55. Kf7 f5 56. Rg5 Rh6 0-1

[Event "*** SCC Grand Prix: Titled Tuesday Blitz"]
[Site "Chess.com"]
[Date "2020.06.02"]
[Round "6"]
[White "bascheyaro"]
[Black "Gabrielian_Artur"]
[Result "1/2-1/2"]
[WhiteElo "2742"]
[BlackElo "2739"]
[TimeControl "180+1"]
[EndTime "11:10:13 PDT"]
[Termination "Game drawn by repetition"]

1. d4 Nf6 2. c4 c5 3. e3 g6 4. Nf3 Bg7 5. b3 O-O 6. Bb2 d5 7. dxc5 dxc4 8. Bxc4 Qxd1+ 9. Kxd1 Ne4 10. Bxg7 Kxg7 11. Ke2 Nd7 12. c6 bxc6 13. Rc1 Nd6 14. Nbd2 a5 15. Bd3 c5 16. Ne4 a4 17. bxa4 c4 18. Bc2 Nxe4 19. Bxe4 Rxa4 20. Bc6 Ra3 21. Ke1 Nc5 22. Rxc4 Nd3+ 23. Kd2 Rd8 24. Rd4 Rxd4 25.
Nxd4 Nxf2 26. h3 e5 27. Nc2 Rd3+ 28. Ke2 Rc3 29. Nb4 Nd3 30. Nxd3 Rxc6 31. Nxe5 Rc2+ 32. Kf1 Ba6+ 33. Kg1 Bb7 34. Nf3 Re2 35. a4 Rxe3 36.
a5 Ba6 37. Nd4 Rc3 38. Ra2 h5 39. h4 Rc4 40. Nf3 Rc5 41. Kf2 f6 42. Ke3 g5 43.
hxg5 fxg5 44. Kd4 Rf5 45. Ne5 h4 46. Nd7 g4 47. Nc5 Bb5 48. a6 Bc6 49. a7 Rf8 50. Ke5 Re8+ 51. Kd6 Ba8 52. Ne6+ Kf6 53. Rf2+ Kg6 54.
Nc7 Rd8+ 55. Ke7 Rh8 56. Rf6+ Kh5 57. Rf5+ Kg6 58. Rf6+ Kh5 59. Rf5+ Kg6 60. Rf6+ 1/2-1/2

[Event "*** SCC Grand Prix: Titled Tuesday Blitz"]
[Site "Chess.com"]
[Date "2020.06.02"]
[Round "6"]
[White "Muradore"]
[Black "LiemLe"]
[Result "1/2-1/2"]
[WhiteElo "2616"]
[BlackElo "2896"]
[TimeControl "180+1"]
[EndTime "11:10:14 PDT"]
[Termination "Game drawn by repetition"]

1. e4 c5 2. c3 Nf6 3. e5 Nd5 4. Nf3 Nc6 5. g3 d6 6. exd6 e6 7. Bg2 Bxd6 8. O-O O-O 9. Na3 b6 10. Nc4 Be7 11. a4 Bb7 12. d3 Rc8 13. Re1 h6 14.
Qb3 a6 15. Nfe5 Nxe5 16. Nxe5 Qc7 17. Nf3 Rfd8 18. d4 cxd4 19. Nxd4 Bc5 20. Nf3 Bc6 21.
Qc4 Qa7 22. Qg4 Nf6 23. Qh4 Qb7 24. Qf4 Bd6 25. Qe3 Ng4 26. Qe2 Bc5 27. Rf1 b5 28. axb5 Bxb5 29. Nd4 Bxe2 30. Bxb7 Bxf1 31.
Bxc8 Rxc8 32. Kxf1 Bxd4 33. cxd4 Rc2 34. Be3 Nxh2+ 35.
Ke1 Rxb2 36. Rxa6 g5 37. d5 exd5 38. Rxh6 Nf3+ 39. Kd1 d4 40. Bc1 Rxf2 41. Rf6 Rf1+ 42. Ke2 Rxc1 43. Kxf3 Kg7 44. Rd6 Rc3+ 45. Kg4 Rd3 46.
Kxg5 Rxg3+ 47. Kf4 Rh3 48. Ke5 Rh4 49. Rd8 Kg6 50.
Rg8+ Kh7 51. Rd8 Kg7 52. Kf5 Rh5+ 53. Ke4 Rh1 54. Ke5 Re1+ 55. Kf5 Rd1 56. Rd6 d3 57. Ke4 f6 58. Rd5 Kg6 59. Ke3 f5 60. Kf4 Rf1+ 61. Ke3 Rd1 62. Kf4 d2 63. Ke3 Kg5 64. Ke2 Rh1 65.
Kxd2 Kg4 66. Ke2 f4 67. Kf2 Rh2+ 68. Kg1 Rb2 69. Rd3 Ra2 70. Rc3 f3 71. Rc8 Kf4 72. Rf8+ Kg3 73. Rg8+ Kf4 74. Rf8+ Kg3 75. Rg8+ Kf4 76.
Rf8+ 1/2-1/2

[Event "*** SCC Grand Prix: Titled Tuesday Blitz"]
[Site "Chess.com"]
[Date "2020.06.02"]
[Round "6"]
[White "KaterynaLagno"]
[Black "Gmedmundo"]
[Result "1/2-1/2"]
[WhiteElo "2667"]
[BlackElo "2495"]
[TimeControl "180+1"]
[EndTime "11:10:14 PDT"]
[Termination "Game drawn - insufficient material"]

1. e4 c5 2. Nf3 d6 3. Bb5+ Nd7 4. O-O a6 5. Bd3 Ngf6 6. Re1 b5 7. c3 Bb7 8. a4 e6 9. axb5 axb5 10. Rxa8 Qxa8 11.
Bxb5 Bxe4 12. d3 Bxf3 13. Qxf3 Qxf3 14. gxf3 Be7 15. Na3 O-O 16. d4 cxd4 17. cxd4 Rb8 18. Bf4 Nd5 19. Bxd6 Bxd6 20. Bxd7 g6 21. Nc4 Bc7 22.
Ra1 Rb4 23. Ra4 Rxa4 24. Bxa4 Nb6 25. Bb3 Nxc4 26. Bxc4 Bb6 27. d5 exd5 28. Bxd5 Kf8 29. b4 Ke7 30. b5 f5 31. Kf1 h6 32. h3 Kd6 33. Bf7 g5 34. Bg6 Ke5 35. Ke2 Kf4 36.
Bh5 Ke5 37. Be8 Kf4 38. Bc6 g4 39. fxg4 fxg4 40. h4 h5 41. Be8 Bd8 42. Bxh5 Bxh4 43. b6 Bd8 44. b7 Bc7 45. Kf1 Bb8 46. Kg2 Ba7 47. Be8 Bb8 48. Bc6 Ba7 49. Kf1 Bb8 50. Bg2 Ba7 51. Ke2 Bb8 52. Kd3 Ba7 53. Kc4 g3 54. f3 Ke3 55. Kb5 Kf2 56. Ka6 Bb8 57.
Bh3 Kxf3 58. Kb6 g2 59. Bxg2+ Kxg2 60. Kc6 Kf3 61. Kd7 Ba7 62. Kc8 Ke4 63. b8=Q Bxb8 1/2-1/2

[Event "*** SCC Grand Prix: Titled Tuesday Blitz"]
[Site "Chess.com"]
[Date "2020.06.02"]
[Round "6"]
[White "tylityli"]
[Black "dbrankovic68"]
[Result "1/2-1/2"]
[WhiteElo "2285"]
[BlackElo "2439"]
[TimeControl "180+1"]
[EndTime "11:10:14 PDT"]
[Termination "Game drawn by repetition"]

1. d4 Nf6 2. c4 e6 3. Nc3 Bb4 4. e3 c5 5. Ne2 b6 6. g3 Bb7 7. d5 exd5 8. Bg2 O-O 9. O-O Bxc3 10.
Nxc3 Nc6 11. cxd5 Ne5 12. e4 d6 13. h3 Ba6 14. Re1 Qc8 15. f4 Nd3 16. Re3 Nxc1 17. Rxc1 Re8 18. Qa4 b5 19. Nxb5 Bxb5 20. Qxb5 Nxd5 21.
Re2 Rb8 22. Qc4 Nb6 23. Qd3 Qe6 24. b3 d5 25. Rxc5 dxe4 26. Rxe4 Qf6 27. Rce5 Red8 28. Qe2 g6 29. Re8+ Kg7 30. Kh2 h5 31. h4 Nd5 32.
Rxd8 Rxd8 33. Re8 Nc3 34. Qe5 Qxe5 35. Rxe5 Nxa2 36. Ra5 Nc1 37. Rxa7 Nxb3 38. Ra2 Nd4 39. Kg1 Nf5 40. Kf2 Nh6 41. Bf3 Nf5 42. Re2 Rd6 43. Be4 Nd4 44. Rd2 Kf6 45. Bf3 Nb5 46. Rxd6+ Nxd6 47. Ke3 Nf5+ 48. Kf2 Nd6 49. Ke3 Kf5 50. Kd4 f6 51.
Ke3 Nc4+ 52. Kd4 Nd2 53. Ke3 Nxf3 54. Kxf3 Ke6 55. Ke4 f5+ 56. Kd4 Kd6 57. Kc4 Kc6 58. Kd4 Kd6 59. Kc4 Kc6 60. Kd4 Kd6 1/2-1/2

[Event "*** SCC Grand Prix: Titled Tuesday Blitz"]
[Site "Chess.com"]
[Date "2020.06.02"]
[Round "6"]
[White "dosto07"]
[Black "zurzan"]
[Result "0-1"]
[WhiteElo "2079"]
[BlackElo "1926"]
[TimeControl "180+1"]
[EndTime "11:10:14 PDT"]
[Termination "zurzan won on time"]

1. e4 Nf6 2. e5 Nd5 3. d4 d6 4. Nf3 g6 5. Bc4 Nb6 6. Bb3 Bg7 7. Qe2 O-O 8. O-O Bg4 9. Re1 dxe5 10. dxe5 Nc6 11. h3 Nd4 12. Qe4 Bxf3 13. gxf3 Nxb3 14. axb3 c6 15. Nc3 e6 16. Qg4 Nd5 17. Bg5 Qc7 18. Nxd5 cxd5 19. Bf6 Qxc2 20. h4 h5 21. Qg5 Qxb3 22.
Bxg7 Kxg7 23. Qf6+ Kg8 24. Rad1 Qb4 25. Kg2 Rac8 26.
Re2 Rc4 27. Rh1 Rf4 28. Qg5 Rf5 29. Qe3 Rc8 30. Rc1 Rxc1 31. Qxc1 Qc4 32. Rc2 Qxh4 33. Qh6 Qg5+ 34. Qxg5 Rxg5+ 35. Kh3 Rxe5 36. Rc7 b6 37. Rxa7 Re2 38. b4 Rb2 39. Ra8+ Kg7 40. f4 Rxb4 41. Kg3 Rb3+ 42. f3 h4+ 43. Kxh4 Rxf3 44. Kg4 Rf1 45. Rb8 Rb1 46. Rb7 b5 47. Kf3 b4 48. Ke3 b3 49.
Kd2 b2 50. Kc2 Rf1 51. Kxb2 Rxf4 52. Kc3 Rf3+ 53. Kd4 Rf4+ 54. Ke5 Re4+ 55. Kd6 Kf6 56. Rb8 g5 57. Rg8 g4 58. Kc5 Kf5 59. Kd6 f6 60.
Rg7 d4 61. Kc5 d3 62. Kd6 d2 0-1

[Event "*** SCC Grand Prix: Titled Tuesday Blitz"]
[Site "Chess.com"]
[Date "2020.06.02"]
[Round "6"]
[White "hanzo_hasashi1"]
[Black "Alexander_Zubov"]
[Result "0-1"]
[WhiteElo "2783"]
[BlackElo "2974"]
[TimeControl "180+1"]
[EndTime "11:10:15 PDT"]
[Termination "Alexander_Zubov won on time"]

1. Nf3 Nf6 2. c4 c6 3. g3 d5 4. Bg2 g6 5. b3 Bg7 6. Bb2 O-O 7. O-O Bg4 8. h3 Bxf3 9. Bxf3 Re8 10. d4 e6 11. Nd2 Nbd7 12. Re1 Rc8 13. e4 dxe4 14. Nxe4 Nxe4 15. Bxe4 Qa5 16. Qf3 Rcd8 17. Bc3 Qa6 18. Rad1 Qb6 19. d5 Bxc3 20. Qxc3 cxd5 21. cxd5 e5 22.
d6 Nf6 23. Bf3 Rxd6 24. Rxe5 Rxd1+ 25. Bxd1 Rd8 26. Bf3 Rd7 27. Kg2 h5 28. Rc5 Qd6 29. Rc8+ Kg7 30. a4 b6 31. Rc4 Re7 32. b4 Qe5 33.
Qxe5 Rxe5 34. Rc7 a5 35. Rb7 Re6 36. bxa5 bxa5 37. Rb5 Ra6 38. Be2 Ra7 39. Kf3 Ne8 40. Re5 Nd6 41. Rd5 Nf5 42. g4 hxg4+ 43. hxg4 Ne7 44.
Rc5 f6 45. Ke4 g5 46. Bc4 Ng6 47. Bd5 Ne5 48. f3 Re7 49. Kd4 Rd7 50. Rxa5 Nxf3+ 51. Kc5 Ne5 52. Be6 Rc7+ 0-1

[Event "*** SCC Grand Prix: Titled Tuesday Blitz"]
[Site "Chess.com"]
[Date "2020.06.02"]
[Round "6"]
[White "RitvarsReimanis"]
[Black "Mikhal867"]
[Result "0-1"]
[WhiteElo "2522"]
[BlackElo "2310"]
[TimeControl "180+1"]
[EndTime "11:10:16 PDT"]
[Termination "Mikhal867 won on time"]

1. d4 Nf6 2. c4 g6 3. Nc3 Bg7 4. e4 d6 5. Be2 O-O 6. Nf3 e5 7.
O-O Nc6 8. d5 Ne7 9. Kh1 a5 10.
Ne1 Nd7 11. Nd3 f5 12. f4 fxe4 13. Nxe4 Nf5 14. Ng5 Nc5 15. fxe5 Nxd3 16. Qxd3 Bxe5 17. Bd2 h6 18. Ne6 Bxe6 19. dxe6 Qh4 20. Qh3 Qxh3 21. gxh3 Rae8 22. Bxa5 b6 23. Bc3 Bxc3 24. bxc3 Rxe6 25. Bg4 Re3 26. Rf3 Rxf3 27. Bxf3 Ne3 28. Be4 Kg7 29. Bd3 Rf3 30. h4 Rh3 31. Rg1 Ng4 32. Rxg4 Rxd3 33. Re4 Kf6 34. Rf4+ Ke6 35. Re4+ Kf5 36.
Re7 c5 37. Rf7+ Kg4 38. Rf6 g5 39. hxg5 hxg5 40. Kg2 Rd2+ 41. Kf1 Rxh2 42. Rxd6 Rxa2 43. Rxb6 Ra4 44. Ke2 Rxc4 45. Kd3 Rf4 46. c4 Kf3 47. Rb5 Rf5 48. Rb1 Kg2 49. Ke4 Rf8 50. Kd5 Rc8 51.
Rb2+ Kf3 52. Rb5 g4 53. Rb7 g3 54. Rf7+ Ke2 55. Re7+ Kf2 56. Rf7+ Kg1 57. Ke4 Rg8 58. Kd5 Rg5+ 59. Ke4 g2 60. Ke3 Kh2 61. Rh7+ Kg3 0-1

[Event "*** SCC Grand Prix: Titled Tuesday Blitz"]
[Site "Chess.com"]
[Date "2020.06.02"]
[Round "6"]
[White "Klavdia_Nik"]
[Black "czasnaszachy"]
[Result "0-1"]
[WhiteElo "2051"]
[BlackElo "2345"]
[TimeControl "180+1"]
[EndTime "11:10:16 PDT"]
[Termination "czasnaszachy won on time"]

1. Nf3 Nf6 2. c4 g6 3. b3 Bg7 4.
Bb2 O-O 5. g3 d6 6. d4 Nbd7 7.
d5 e5 8. dxe6 fxe6 9. Bg2 e5 10.
O-O Nc5 11. Nc3 Bf5 12. Nh4 Be6 13. Nd5 c6 14. Nxf6+ Bxf6 15. Nf3 Qd7 16. Re1 Rad8 17. Qc2 Bh3 18. Bh1 e4 19. Nd4 Bf5 20. Nxf5 gxf5 21.
f4 Ne6 22. e3 Bxb2 23. Qxb2 Qg7 24. Qxg7+ Kxg7 25. Rad1 Nc5 26. Bg2 Nd3 27. Re2 d5 28. cxd5 Rxd5 29. Red2 Rfd8 30. Bf1 Nb4 31. Rxd5 Nxd5 32.
Kf2 Kf6 33. Bc4 h5 34. h3 h4 35. g4 fxg4 36. hxg4 Ke6 37. Rh1 Rh8 38. Ke2 b5 39.
Bxd5+ cxd5 40. Kf2 Rc8 41. Rxh4 Rc2+ 42. Kg3 Rxa2 43.
Rh6+ Ke7 44. Rh7+ Ke6 45. Rh6+ Ke7 46. g5 Re2 47. Kg4 Rxe3 48. Kf5 Rg3 49. Rh7+ Ke8 50. Rxa7 e3 51. Ra8+ Ke7 52. Ra7+ Kd6 53. Ra6+ Kc5 54. Re6 d4 0-1

[Event "*** SCC Grand Prix: Titled Tuesday Blitz"]
[Site "Chess.com"]
[Date "2020.06.02"]
[Round "6"]
[White "Niclox"]
[Black "Sanan_Sjugirov"]
[Result "1/2-1/2"]
[WhiteElo "2681"]
[BlackElo "2903"]
[TimeControl "180+1"]
[EndTime "11:10:17 PDT"]
[Termination "Game drawn - insufficient material"]

1. e4 c5 2. Nf3 d6 3. Bc4 Nf6 4.
e5 dxe5 5. Nxe5 e6 6. Qe2 Be7 7. O-O O-O 8. Re1 Bd7 9. b3 Nc6 10. Bb2 Nxe5 11. Bxe5 Bc6 12. a4 Nd5 13. Nc3 Bf6 14.
Bxf6 Qxf6 15. Ne4 Qg6 16. Bxd5 Bxd5 17. d3 Rac8 18. f3 Bxe4 19. Qxe4 Rc7 20. a5 Rd8 21. Qxg6 hxg6 22. Kf2 Kf8 23. Re4 Ke7 24. h4 b5 25.
axb6 axb6 26. Ra6 Rb8 27. Rea4 Kd6 28. Ke3 Kc6 29. g3 Rd7 30. b4 cxb4 31. Rxb4 Rd5 32. Ra7 Rb7 33. Rxb7 Kxb7 34. c4 Ra5 35. Rb5 Ra1 36.
c5 Ra6 37. Kf4 Kc6 38. Rxb6+ Rxb6 39. cxb6 Kxb6 40. Ke5 Kc6 41. d4 Kd7 42. d5 f6+ 43.
Kd4 Kd6 44. dxe6 Kxe6 45. Ke4 Kd6 46. g4 Ke6 47. Kf4 Kd6 48. h5 gxh5 49. gxh5 Ke6 50. Ke4 f5+ 51. Kd4 Kf6 52. f4 g5 53. hxg6 Kxg6 54. Ke5 Kg7 55. Ke6 Kg6 56. Ke5 Kg7 57. Kxf5 Kf7 58. Kg5 Kg7 59. f5 Kf7 60. f6 Kf8 61. Kf5 Kf7 62. Ke5 Kf8 63. Ke6 Ke8 64. f7+ Kf8 65. Kd5 Kxf7 1/2-1/2

[Event "*** SCC Grand Prix: Titled Tuesday Blitz"]
[Site "Chess.com"]
[Date "2020.06.02"]
[Round "6"]
[White "manmanlai1"]
[Black "GMartin_Petrov"]
[Result "0-1"]
[WhiteElo "2371"]
[BlackElo "2566"]
[TimeControl "180+1"]
[EndTime "11:10:17 PDT"]
[Termination "GMartin_Petrov won on time"]

1. e4 c5 2. Nf3 d6 3. d4 cxd4 4. Nxd4 Nf6 5. Nc3 a6 6. h3 e5 7. Nb3 Be7 8. g4 h6 9. Be3 Be6 10. Bg2 Nbd7 11. Qf3 Nf8 12. O-O-O Ng6 13. Qg3 Nd7 14.
Nd5 Bh4 15. Qf3 O-O 16. Rhg1 Rc8 17. Bf1 Bg5 18. Kb1 Bxe3 19. Qxe3 Bxd5 20. Rxd5 Qc7 21. c3 Nf4 22. Rd2 Rfd8 23. h4 Nf8 24. g5 h5 25.
Bh3 Nxh3 26. Qxh3 Ng6 27. f3 Nf4 28. Qh2 d5 29. exd5 Rxd5 30. Rxd5 Nxd5 31. Rd1 Rd8 32. Rd2 Nf4 33. Kc2 Rd7 34. a4 Qc6 35. Rxd7 Qxd7 36. Nc5 Qc6 37. Qf2 b6 38. Ne4 Qxa4+ 39. Kb1 Qd1+ 40.
Ka2 Qd5+ 41. Kb1 b5 42. Qb6 Qd3+ 43. Ka2 Qxf3 44. Qd8+ Kh7 45. Nd6 Qd5+ 46. Ka3 Nd3 47. Qe7 Nc1 48. Kb4 Nd3+ 49. Ka5 b4+ 50. Kxa6 bxc3 51.
bxc3 Qc6+ 52. Ka5 Qc5+ 53. Ka6 Qc6+ 54. Ka7 Qd5 55. Nxf7 Nc5 56. g6+ Kxg6 57. Nxe5+ Kf5 0-1

[Event "*** SCC Grand Prix: Titled Tuesday Blitz"]
[Site "Chess.com"]
[Date "2020.06.02"]
[Round "6"]
[White "vinniethepooh"]
[Black "Dmitry_M1"]
[Result "1-0"]
[WhiteElo "2586"]
[BlackElo "2383"]
[TimeControl "180+1"]
[EndTime "11:10:17 PDT"]
[Termination "vinniethepooh won by resignation"]

1. d4 Nf6 2. c4 c5 3. d5 e5 4.
Nc3 d6 5. e4 Be7 6. Bd3 O-O 7.
Nge2 Ne8 8. O-O Bg5 9. Be3 Nd7 10. Qd2 Bxe3 11. Qxe3 a6 12. h3 Rb8 13. a4 b6 14.
Ng3 g6 15. Rfb1 Ng7 16. Nge2 f5 17. exf5 gxf5 18. f4 e4 19. Bc2 a5 20. Kh2 Nf6 21.
Rg1 h5 22. Nd1 Kf7 23. Nf2 Rh8 24. Rgd1 Bd7 25. b3 Be8 26. Kg1 Bd7 27. Kf1 Qe7 28.
Ke1 Ke8 29. Kd2 Kd8 30. Kc1 Kc7 31. Kb2 Rbg8 32. Rg1 h4 33. g4 hxg3 34. Nxg3 Ngh5 35. Nxh5 Nxh5 36. Raf1 Qf6+ 37. Ka2 Qh4 38. Nd1 Nf6 39. Rg5 Qxh3 40. Rfg1 Ng4 41. Qxh3 Rxh3 42. Rxg8 Rh2 43. Kb1 e3 44. R8xg4 fxg4 45. Nxe3 Re2 46. Nxg4 Rd2 47. f5 Rd4 48. f6 Rf4 49. Ne3 Rxf6 50. Rf1 Rf4 51. Rxf4 Kd8 52. Kb2 Ke7 53. Kc3 Bf5 54.
Ng2 Bxc2 55. Kxc2 Kd7 56. Kd3 Ke7 57. Ke4 Kd7 58. Kf5 Ke7 59. Kg6 Kd7 1-0